AoeStats
← CrazyBen

African Clearing

505843086Analyzed
4v4 RM · 22d ago on Sep 11, 2026· 41m 39s· 8 players
Game mode
Random Map
Map size
Large (8 player)
Population
200
Speed
Normal
Resources
Standard
Victory
Conquest
Starting age
Dark Age
Ending age
Imperial Age
RankedLock teamsTeams togetherTeam positionsShared explorationLock speedFull tech treeHidden civsTurbo modeCheats
Victory
Defeat
1670
+11
🇩🇪 Mapuche · Germany
1635
+13
🇦🇺 Turks · Australia
1534
+17
🇨🇳 Berbers · China
1482
+19
🇮🇳 Slavs · India
1595
-17
🇩🇪 Maya · Germany
1586
-16
🇦🇹 Bulgarians · Austria
1557
-15
🇫🇷 Khmer · France
1479
-12
Dark_Shelly
9:18 Loom
12:32 Feudal Age
14:37 Double-Bit Axe
16:10 Fletching
30:52 Wheelbarrow
33:16 Castle Age
34:02 Bodkin Arrow
maxder
7:28 Loom
10:44 Feudal Age
11:53 Double-Bit Axe
13:15 Horse Collar
16:34 Forging
16:40 Scale Barding Armor
25:13 Castle Age
23:35 Scale Mail Armor
25:22 Gold Mining
25:38 Pikeman
29:43 Bow Saw
33:16 Heavy Plow
33:58 Wheelbarrow
33:09 Town Watch
34:18 Iron Casting
33:57 Squires
34:35 Chain Mail Armor
35:19 Fletching
37:06 Gold Shaft Mining
40:01 Imperial Age
37:24 Arson
38:20 Gambesons
38:21 Gambesons
42:18 Imperial Age
CrazyBen
11:31 Feudal Age
12:29 Double-Bit Axe
16:10 Horse Collar
16:35 Loom
18:59 Forging
21:16 Scale Barding Armor
20:57 Loom
24:41 Castle Age
23:48 Gold Mining
25:52 Chain Barding Armor
25:52 Bow Saw
26:45 Husbandry
26:56 Bloodlines
29:32 Fletching
30:52 Iron Casting
33:24 Heavy Plow
37:31 Ballistics
41:38 Wheelbarrow
Mewes96
12:58 Feudal Age
17:00 Castle Age
16:48 Loom
17:05 Eagle Warrior
19:04 Squires
19:25 Scale Mail Armor
23:34 Forging
27:26 Iron Casting
29:21 Chain Mail Armor
32:21 Double-Bit Axe
32:56 Horse Collar
33:13 Stone Mining
37:22 Wheelbarrow
37:09 Horse Collar
42:14 Bow Saw
[Fx、]AirDk
6:57 Loom
14:06 Feudal Age
18:10 Castle Age
16:15 Double-Bit Axe
16:21 Stone Mining
18:29 Forging
19:52 Scale Barding Armor
22:06 Wheelbarrow
24:37 Bloodlines
27:22 Chain Barding Armor
33:18 Bow Saw
33:13 Husbandry
34:39 Town Watch
38:07 Imperial Age
35:29 Horse Collar
36:32 Hand Cart
36:09 Gold Mining
36:23 Fletching
37:23 Bodkin Arrow
37:28 Stone Mining
37:40 Heavy Plow
38:32 Padded Archer Armor
38:54 Ballistics
38:54 Bracer
39:16 Conscription
39:44 Leather Archer Armor
40:36 Chemistry
39:39 Treadmill Crane
41:23 Ring Archer Armor
40:50 Elite Camel Archer
42:10 Maghrebi Camels
42:12 Kasbah
daumasson
8:58 Loom
10:51 Feudal Age
13:09 Champi Runner
22:21 Horse Collar
25:52 Double-Bit Axe
30:39 Castle Age
28:41 Horse Collar
29:31 Gold Mining
31:15 Fletching
31:27 Scale Mail Armor
32:33 Bodkin Arrow
39:14 Bow Saw
Soma
12:15 Loom
14:00 Feudal Age
18:19 Castle Age
16:25 Double-Bit Axe
17:07 Horse Collar
21:40 Bloodlines
22:22 Scale Barding Armor
26:25 Town Watch
27:01 Forging
27:34 Husbandry
28:37 Chain Barding Armor
Ginger lee fondle your meatballs
12:15 Feudal Age
13:09 Loom
13:31 Double-Bit Axe
14:11 Town Watch
15:21 Forging
15:17 Scale Barding Armor
23:22 Castle Age
21:46 Bloodlines
24:55 Chain Barding Armor
29:10 Bow Saw
29:16 Bow Saw
28:59 Fletching
29:10 Padded Archer Armor
29:38 Husbandry
32:56 Bodkin Arrow
33:37 Horse Collar
35:09 Ballistics
36:21 Leather Archer Armor
41:49 Wheelbarrow
43:55 Imperial Age
Connection lost

Rejoining the realm…

Still unreachable

The connection could not be restored.

Session expired

The server has moved on; the page needs a fresh start.